 Dungeon Crawl Stone Soup version 0.31-a0-358-gac0dbeb3ab (webtiles) character file.

Game seed: 7801863542101554830

81 randomguy2701 the Chopper (level 4, -4/41 HPs)
             Began as a Hill Orc Monk on July 25, 2023.
             Slain by a gnoll
             ... wielding a +0 flail
              (8 damage)
             ... on level 1 of the Dungeon.
             The game lasted 00:02:15 (1698 turns).

randomguy2701 the Chopper (Hill Orc Monk)           Turns: 1698, Time: 00:02:16

Health: -4/41      AC:  5    Str: 15    XL:     4   Next: 42%
Magic:  4/4        EV: 11    Int: 10    God:
Gold:   89         SH:  0    Dex: 13    Spells: 3/3 levels left

rFire   . . .        a - +0 hand axe
rCold   . . .        d - orb {light}
rNeg    . . .        i - +0 ring mail
rPois   .            (no helmet)
rElec   .            (no cloak)
rCorr   .            (no gloves)
SInv    .            (no boots)
Will    .....        (no amulet)
Stlth   +            (no ring)
HPRegen 0.26/turn    (no ring)
MPRegen 0.09/turn

%: no passive effects
@: glowing
A: no striking features
a: no special abilities


You were on level 1 of the Dungeon.
You visited 1 branch of the dungeon, and saw 2 of its levels.

You collected 89 gold pieces.

Inventory:

Hand Weapons
 a - a +0 hand axe (weapon)
Armour
 b - a +0 robe
 d - an orb of light (worn)
 i - a +0 ring mail (worn)
Scrolls
 e - a scroll of identify {unknown}
 f - a scroll of enchant weapon {unknown}
 g - a scroll of blinking {unknown}
 h - a scroll of noise {unknown}
 j - a scroll of fog {unknown}
 l - a scroll of amnesia {unknown}
 m - a scroll of enchant armour {unknown}
Potions
 c - a potion of ambrosia
 k - a potion of curing {unknown}
 n - a potion of lignification {unknown}


   Skills:
 + Level 4.5 Fighting
 + Level 5.2 Axes
 + Level 3.0 Dodging


You had 3 spell levels left.
You didn't know any spells.
Your spell library contained the following spells:

 Spells                   Type           Power      Damage    Failure   Level
 Kiss of Death            Conj/Necr      0%         2d5       58%         1
 Confusing Touch          Hex            0%         N/A       92%         3
 Tukima's Dance           Hex            0%         N/A       92%         3
 Volatile Blastmotes      Fire/Tloc      0%         2d10      92%         3
 Dispel Undead            Necr           0%         3d6       100%        4
 Fulminant Prism          Conj/Hex       0%         3d5       100%        4
 Iskenderun's Mystic Bla  Conj/Tloc      0%         2d3       100%        4
 Passage of Golubria      Tloc           0%         N/A       100%        4
 Yara's Violent Unravell  Hex/Tmut       0%         3d3       100%        5


Dungeon Overview and Level Annotations

Branches:
Dungeon (2/15)

Altars:


Message History

The gnoll shouts! x2
A gnoll comes into view. It is wielding a +0 flail.
There are monsters nearby!
There are monsters nearby!
The gnoll hits you with a +0 spear. The gnoll barely misses you.
You slash the gnoll!
The gnoll is heavily wounded.
The gnoll splashes around in the water.
Your unstable footing causes you to fumble your attack.
The gnoll closely misses you. The gnoll hits you with a +0 flail.
The gnoll hits you from afar with a +0 spear.
The gnoll attacks as you move away! The gnoll closely misses you.
There is a large open door here.
The gnoll attacks as you move away! The gnoll barely misses you.
The gnoll attacks as you move away! The gnoll hits you with a +0 flail.
There is an open door here.
The gnoll attacks as you move away! The gnoll barely misses you.
The gnoll attacks as you move away! The gnoll hits you with a +0 flail.
The gnoll attacks as you move away! The gnoll barely misses you.
The gnoll attacks as you move away! The gnoll barely misses you.
The gnoll attacks as you move away! The gnoll hits you with a +0 flail!
The gnoll attacks as you move away! The gnoll barely misses you.
There is a stone staircase leading up here.
You climb upwards.
There is a stone staircase leading down here.
You completely miss the gnoll. The gnoll hits you with a +0 flail.
You slash the gnoll!
The gnoll is heavily wounded.
The gnoll hits you but does no damage.
You hit the gnoll.
The gnoll is almost dead.
The gnoll hits you with a +0 flail!
* * * LOW HITPOINT WARNING * * *
You hit the gnoll but do no damage.
The gnoll is almost dead.
The gnoll misses you.
You hit the gnoll but do no damage.
The gnoll is almost dead.
The gnoll hits you with a +0 flail!
You die...

#.....# #.....# #.....#
#.....#######
##...........##
#............'.
#####............##
#................#
#g@..............##
#..................
#..........#'####..
##.###'##+##.# #..
###########.###.....#.#
#..
#.............#.#####'##
#..
#.............#.#......#
#).
#.............#.+......#
#..
#.............#.#......#
#..


You could see a gnoll.

Vanquished Creatures
  A gnoll (D:1)
  2 adders (D:2)
  2 dart slugs
  4 bats
  2 endoplasms (D:1)
  A giant cockroach (D:1)
  5 goblins
  5 hobgoblins
  4 jackals (D:1)
  3 quokkas
  3 ball pythons
  2 frilled lizards (D:2)
  8 kobolds
  6 rats
48 creatures vanquished.

Notes
Turn   | Place    | Note
-------+----------+-------------------------------------------
     0 | D:1      | randomguy2701 the Hill Orc Monk began the quest for the
                  | Orb.
     0 | D:1      | Reached XP level 1. HP: 19/19 MP: 1/1
    75 | D:1      | Reached XP level 2. HP: 11/27 MP: 2/2
   226 | D:1      | Reached XP level 3. HP: 28/33 MP: 3/3
   980 | D:2      | Reached skill level 5 in Axes
  1135 | D:2      | Reached XP level 4. HP: 41/41 MP: 4/4
  1698 | D:1      | Slain by a gnoll

Illustrated notes

Levels and vault maps discovered:
D:1:      enne_arrival_octagon_isle, layout_basic, minmay_surrounded
D:2:      wad_lake_hut, layout_basic, serial_bayou, serial_bayou_lagoon_a,
          serial_bayou_shore_a, serial_bayou_crossing, serial_bayou_pond_d

Skill      XL: |  1  2  3  4 |
---------------+-------------+-----
Fighting       | 4 |  4.5
Axes           | 5 |  5.2
Dodging        | 3 |  3.0

Action                     |  1- 3 |  4- 6 || total
---------------------------+-------+-------++-------
  Melee: Hand axe          |    99 |    34 ||   133
 Armour: Robe              |    19 |       ||    19
         Ring mail         |     6 |     9 ||    15
  Dodge: Dodged            |    71 |    24 ||    95

Table legend: (Time is in decaauts)
 A = Elapsed time spent in this place.
 B = Non-inter-level travel time spent in this place.
 C = Inter-level travel time spent in this place.
 D = Time resting spent in this place.
 E = Time spent auto-exploring this place.
 F = Levels seen in this place.
 G = Mean time per level.
                   A        B        C        D        E       F      G
               +--------+--------+--------+--------+--------+-----+--------+
         Total |   1769 |   1695 |     74 |      7 |   1360 |   2 |  884.5 |
       Dungeon |   1769 |   1695 |     74 |      7 |   1360 |   2 |  884.5 |
               +--------+--------+--------+--------+--------+-----+--------+

Top non-repeatable levels by time:
     D:2: 953 daAuts
     D:1: 816 daAuts
